 Dungeon Crawl Stone Soup version 0.29-a0-824-gd827844252 (webtiles) character file.

Game seed: 17057180982028301887

4006 HoaS the Markstengu (level 10, -7/53 HPs)
             Began as a Tengu Hunter on July 9, 2022.
             Was a Follower of Makhleb.
             Mangled by a wyvern (11 damage)
             ... on level 7 of the Dungeon.
             The game lasted 00:13:43 (8370 turns).

HoaS the Markstengu (Tengu Hunter)                  Turns: 8370, Time: 00:13:44

Health: -7/53      AC:  6    Str: 11    XL:     10   Next: 23%
Magic:  11/11      EV: 15    Int: 10    God:    Makhleb [*.....]
Gold:   986        SH:  0    Dex: 22    Spells: 9/9 levels left

rFire   . . .      SeeInvis .   m - +5 longbow (vorpal)
rCold   . . .      Faith    .   (shield currently unavailable)
rNeg    + . .      Spirit   .   c - +0 leather armour
rPois   .          Reflect  .   (helmet restricted)
rElec   .          Harm     .   A - +1 cloak
rCorr   +          Rampage  .   u - +0 pair of gloves
Will    .....                   (boots unavailable)
Stlth   ++........              (no amulet)
HPRegen 0.17/turn               g - ring of resist corrosion
MPRegen 0.12/turn               n - ring of positive energy

@: marked, flying quickly and evasively, hasted, very quick
A: beak, talons 3, nimble flight
a: Renounce Religion


You were on level 7 of the Dungeon.
You worshipped Makhleb.
Makhleb was aware of your devotion.
You visited 2 branches of the dungeon, and saw 9 of its levels.

You collected 1406 gold pieces.
You spent 420 gold pieces at shops.

Inventory:

Hand Weapons
 m - a +5 vorpal longbow (weapon)
Armour
 c - a +0 leather armour (worn)
 u - a +0 pair of gloves (worn)
 v - a +0 ring mail
 A - a +1 cloak (worn)
Jewellery
 g - a ring of resist corrosion (left hand)
 n - a ring of positive energy (right hand)
 o - a ring of protection from fire
Wands
 p - a wand of polymorph (8)
 t - a wand of charming (9)
 x - a wand of flame (36)
Scrolls
 b - a scroll of immolation
 e - a scroll of fear
 w - a scroll of teleportation
 y - 2 scrolls of blinking
Potions
 a - a potion of cancellation {unknown}
 d - 5 potions of curing
 f - 5 potions of berserk rage
 h - a potion of brilliance {unknown}
 i - a potion of degeneration {unknown}
 j - a potion of attraction {unknown}
 k - 2 potions of resistance {unknown}
 l - a potion of flight {unknown}
 r - a potion of lignification {unknown}
 s - a potion of ambrosia {unknown}
 z - 2 potions of haste


   Skills:
 - Level 2.0 Fighting
 * Level 16.0 Ranged Weapons
 - Level 2.1 Dodging
 - Level 1.0 Stealth


You had 9 spell levels left.
You didn't know any spells.
Your spell library contained the following spells:

 Spells                   Type           Power      Damage    Failure   Level
 Beastly Appendage        Tmut           0%         N/A       45%         1
 Sting                    Tmut/Pois      0%         1d3       45%         1
 Ensorcelled Hibernation  Hex/Ice        0%         N/A       58%         2
 Passwall                 Tmut/Erth      0%         N/A       58%         2
 Poisonous Vapours        Pois/Air       0%         N/A       58%         2
 Swiftness                Air            0%         N/A       83%         3
 Airstrike                Air            0%         0-1+      99%         4
 Ice Form                 Ice/Tmut       0%         N/A       99%         4
 Olgreb's Toxic Radiance  Pois           0%         N/A       99%         4
 Summon Lightning Spire   Summ/Air       0%         N/A       99%         4
 Lightning Bolt           Conj/Air       0%         1d11      100%        5
 Starburst                Conj/Fire      0%         6d3       100%        6
 Ignition                 Fire           0%         3d3       100%        8


Dungeon Overview and Level Annotations

Branches:
Dungeon (8/15)             Temple (1/1) D:5
   Lair: D:8-11

Altars:
Ashenzari
Dithmenos
Elyvilon
Fedhas
Gozag
Hepliaklqana
Kikubaaqudgha
Makhleb
Nemelex Xobeh
Okawaru
Qazlal
Ru
Sif Muna
Trog
Uskayaw
Vehumet
Wu Jian
Xom
Yredelemnul
Zin
The Shining One

Shops:
D:1 ((*[   D:7 *

Annotations:
D:8 Pikel


Innate Abilities, Weirdness & Mutations

You have a beak for a mouth.
You have claws for feet.
Your magical nature lets you fly swiftly and evasively.


Message History

A gnoll comes into view. It is wielding a +0 halberd.
The wyvern attacks as you move away! The wyvern barely misses you.
Pikel, Merchant of Souls comes into view.
He is wielding a +2 whip of flaming and wearing a +2 robe of willpower.
A gnoll comes into view. It is wielding a +1 spear of venom.
A lemure comes into view.
There is a stone staircase leading up here.
The wyvern barely misses you.
The gnoll throws a throwing net.
The throwing net hits you.
You become entangled in the net!
You stop ascending the stairs.
The wyvern barely misses you.
You tear a large gash into the net.
A wight comes into view. It is wielding a +2 battleaxe.
A gnoll sergeant comes into view. It is wielding a +0 spear.
The lemure hits you.
A lemure comes into view.
The wyvern hisses menacingly.
The wyvern closely misses you.
You struggle against the net.
The wyvern bites you but does no damage.
The lemure hits you! The wyvern bites you!
You rip the net and break free!
A lemure comes into view.
An ice beast comes into view.
A wight comes into view. It is wielding a +4 dire flail.
The lemure misses you. The wyvern bites you! The wyvern closely misses you.
The wyvern misses you.
You fly upwards.
There is a stone staircase leading down here.
Fire: m) +5 longbow (vorpal)
Press: ? - help, Q - select action, (/) - cycle Shift-Dir - straight line, f - wyvern
Aim: a wyvern (73% to hit)
You shoot an arrow. The arrow closely misses the wyvern.
The wyvern bites you!
* * * LOW HITPOINT WARNING * * *
Fire: m) +5 longbow (vorpal)
Press: ? - help, Q - select action, (/) - cycle Shift-Dir - straight line, f/p - wyvern
Aim: a wyvern (73% to hit)
You shoot an arrow. The arrow closely misses the wyvern.
The wyvern bites you but does no damage.
The wyvern closely misses you.
You feel yourself speed up. The wyvern bites you!
You die...

.♣##
####.#########.......
.♣##
#................#.##
.♣.#
####....#############.#
.'.### #.......'.......#
#.# ♣♣.'.#
#.##....#######.# #.#
...#.# #.####### #.# #.#
...#.# #.# #.# #)#
...#.# #.########### #.#
#.# ...#.# #.....l@[...#
#.# #.# ####.#
###########.# #.#####.#
.....# #.# #.......#
###### #.# #########
.....# ########.#
####.########.....##.#
...#..............##.###
##.####...........##...#
#.# #...........####.#


You could see a wyvern.

Vanquished Creatures
  A komodo dragon (D:7)
  Sigmund (D:3)
  3 water moccasins (D:6)
  Duvessa (D:5)
  2 orc warriors
  A sky beast (D:7)
  2 black bears (D:7)
  3 ice beasts (D:7)
  4 ogres
  A centaur (D:7)
  2 bullfrogs
  A scorpion (D:6)
  2 necrophages (D:4)
  2 gnoll sergeants
  Dowan (D:5)
  8 wights
  3 vampire bats (D:3)
  A howler monkey (D:5)
  A jelly (D:5)
  4 orc priests
  5 hounds
  Crazy Yiuf (D:3)
  A gnoll bouda (D:3)
  5 iguanas
  7 orc wizards
  13 gnolls
  9 adders
  2 white imps
  2 ufetubi
  A worm (D:3)
  2 dart slugs
  17 orcs
  2 bat skeletons (D:3)
  2 bat zombies (D:3)
  10 endoplasms
  A giant cockroach (D:1)
  8 goblins
  7 hobgoblins
  6 jackals
  2 quokkas
  5 ball pythons
  3 bats
  5 frilled lizards
  8 kobolds
  7 rats
175 creatures vanquished.

Notes
Turn   | Place    | Note
-------+----------+-------------------------------------------
     0 | D:1      | HoaS the Tengu Hunter began the quest for the Orb.
     0 | D:1      | Reached XP level 1. HP: 12/12 MP: 2/2
    18 | D:1      | Found Utudehy's Antique Armour Emporium.
    18 | D:1      | You fall into a shaft and drop 1 floor!
    81 | D:2      | Reached XP level 2. HP: 9/17 MP: 3/3
   294 | D:1      | Reached skill level 5 in Ranged Weapons
   404 | D:1      | Found Basum's Assorted Antiques.
   423 | D:1      | Found Ilug's Antique Weapon Emporium.
   454 | D:1      | Reached XP level 3. HP: 16/21 MP: 4/4
   619 | D:1      | Found a faded altar of an unknown god.
   857 | D:1      | Found Circhisa's Weapon Shop.
  1404 | D:2      | Reached skill level 6 in Ranged Weapons
  1494 | D:2      | Reached XP level 4. HP: 22/26 MP: 5/5
  1943 | D:3      | Found an ancient bone altar of Kikubaaqudgha.
  1949 | D:3      | Gained mutation: Your magical nature lets you fly swiftly
                  | and evasively. [Tengu growth]
  1949 | D:3      | Reached XP level 5. HP: 23/30 MP: 6/6
  1955 | D:3      | Reached skill level 7 in Ranged Weapons
  2150 | D:3      | Reached XP level 6. HP: 15/35 MP: 7/7
  2373 | D:3      | Noticed Sigmund
  2383 | D:3      | Killed Sigmund
  2384 | D:3      | Reached skill level 8 in Ranged Weapons
  2491 | D:3      | Identified a scroll of acquirement
  2491 | D:3      | Acquired a +5 vorpal longbow
  2501 | D:3      | Found a runed translucent door.
  2502 | D:3      | Noticed Crazy Yiuf
  2665 | D:3      | Reached XP level 7. HP: 37/40 MP: 8/8
  2708 | D:3      | Reached skill level 9 in Ranged Weapons
  3193 | D:3      | Killed Crazy Yiuf
  3852 | D:4      | Acquired 1093 gold pieces
  3908 | D:4      | Found a sacrificial altar of Ru.
  4080 | D:4      | Reached skill level 10 in Ranged Weapons
  4221 | D:4      | Found a broken altar of Ashenzari.
  4470 | D:5      | Entered Level 5 of the Dungeon
  4531 | D:5      | Reached XP level 8. HP: 44/44 MP: 9/9
  4545 | D:5      | Found a shimmering blue altar of Sif Muna.
  4590 | D:5      | Noticed Duvessa
  4590 | D:5      | Noticed Dowan
  4868 | D:5      | Killed Duvessa
  4869 | D:5      | Reached skill level 11 in Ranged Weapons
  4984 | D:5      | Killed Dowan
  5005 | D:5      | Found a staircase to the Ecumenical Temple.
  5133 | D:5      | Identified the +4 ring mail "Paulien" {Harm rN+}
  5205 | D:5      | Reached skill level 12 in Ranged Weapons
  6009 | D:6      | Reached XP level 9. HP: 48/48 MP: 10/10
  6024 | D:6      | Reached skill level 13 in Ranged Weapons
  6889 | Temple   | Entered the Ecumenical Temple
  6974 | Temple   | Became a worshipper of Makhleb the Destroyer
  7145 | D:7      | Found Qis Fogoushe's Island Escapes.
  7154 | D:7      | Bought a scroll of blinking for 90 gold pieces
  7154 | D:7      | Bought a scroll of blinking for 90 gold pieces
  7154 | D:7      | Bought 2 potions of haste for 240 gold pieces
  7160 | D:7      | Found a shadowy altar of Dithmenos.
  7168 | D:7      | Found a glowing golden altar of the Shining One.
  7175 | D:7      | Found an ornate altar of the Wu Jian Council.
  7233 | D:7      | Reached skill level 14 in Ranged Weapons
  7276 | D:7      | Noticed a komodo dragon
  7349 | D:7      | Reached skill level 15 in Ranged Weapons
  7359 | D:7      | Reached XP level 10. HP: 22/53 MP: 11/11
  7550 | D:7      | Reached * piety under Makhleb
  7605 | D:7      | Got the Catalogue of Variable Embers
  8236 | D:8      | Reached skill level 16 in Ranged Weapons
  8269 | D:8      | Found a radiant altar of Vehumet.
  8361 | D:8      | Noticed Pikel
  8370 | D:7      | Mangled by a wyvern

Illustrated notes

Levels and vault maps discovered:
D:1:      amcnicky_arrival_double_pillar, layout_basic, serial_shops,
          nicolae_shop_bloodbath_and_beyond, nicolae_shop_hallway_stairs,
          nicolae_shop_statue_plus, nicolae_shop_statue_plus,
          shapermc_ecumenical_altar_pompeii, dk_noncrumbling_4,
          minmay_hexomino_p4
D:2:      layout_rooms, minmay_tripent
D:3:      layout_basic, kennysheep_vampire_church, uniq_crazy_yiuf_cottage,
          uniq_sigmund
D:4:      layout_loops_ring, nicolae_ru_awakened_eye,
          nicolae_overflow_hidden_temple, kennysheep_generic_room_9
D:5:      layout_basic, kennysheep_orc_sif_temple,
          minmay_temple_entry_from_below_a, uniq_duvessa
D:6:      layout_gridville
D:7:      minmay_clustersquares, layout_basic,
          mainiacjoe_overflow_six_doors_small,
          chequers_temple_overflow_statue_of_worship, nicolae_island_escapes
D:8:      layout_cave_pools, marbit_many_paths, due_unseen_surprise, uniq_pikel
Temple:   dshaligram_water_room_temple

Skill      XL: |  1  2  3  4  5  6  7  8  9 10 |
---------------+-------------------------------+-----
Ranged Weapons | 5 6 7 8 10 12 15 16 | 16.0
Fighting       | |  2.0
Dodging        | |  2.1
Stealth        | |  1.0

Action                   |  1- 3 |  4- 6 |  7- 9 | 10-12 || total
-------------------------+-------+-------+-------+-------++-------
 Fire: Shortbow          |   118 |   106 |    46 |       ||   270
       Longbow           |       |       |   196 |    54 ||   250
  Use: Scroll            |     2 |     3 |     7 |     1 ||    13
       Potion            |       |       |     1 |     1 ||     2
Armor: Leather armour    |    11 |    22 |     6 |     8 ||    47
       Skin              |       |       |     2 |       ||     2
Dodge: Dodged            |    30 |    47 |    70 |    27 ||   174

Table legend: (Time is in decaauts)
 A = Elapsed time spent in this place.
 B = Non-inter-level travel time spent in this place.
 C = Inter-level travel time spent in this place.
 D = Time resting spent in this place.
 E = Time spent auto-exploring this place.
 F = Levels seen in this place.
 G = Mean time per level.
                   A        B        C        D        E       F      G
               +--------+--------+--------+--------+--------+-----+--------+
         Total |   8089 |   7817 |    272 |   2731 |   3971 |   9 |  898.8 |
       Dungeon |   8003 |   7753 |    250 |   2731 |   3918 |   8 | 1000.4 |
        Temple |     85 |     63 |     22 |      0 |     53 |   1 |   85.0 |
               +--------+--------+--------+--------+--------+-----+--------+

Top non-repeatable levels by time:
     D:3: 1985 daAuts
     D:5: 1323 daAuts
     D:7: 1165 daAuts
     D:1: 1018 daAuts
     D:6: 992 daAuts
     D:2: 720 daAuts
     D:4: 666 daAuts
     D:8: 131 daAuts
  Temple: 85 daAuts
